 Dungeon Crawl Stone Soup version 0.23.2-40-g277498a (webtiles) character file.

Game seed: 5751253187683577682

6484 BoppinsLewinski the Cleaver (level 10, -4/83 HPs)
             Began as a Demigod Fighter on Sept 13, 2019.
             Slain by a yak (11 damage)
             ... on level 9 of the Dungeon.
             The game lasted 00:20:27 (11703 turns).

BoppinsLewinski the Cleaver (Demigod Fighter)      Turns: 11703, Time: 00:20:27

Health: -4/83      AC: 13    Str: 19 (21) XL:     10   Next: 41%
Magic:  16/16      EV:  8    Int:  9 (12) God:
Gold:   590        SH:  0    Dex: 18 (19) Spells: 9/9 levels left

rFire    + . .     SeeInvis .   a - +0 war axe
rCold    . . .     Gourm    .   (no shield)
rNeg     . . .     Faith    .   s - +0 plate armour
rPois    .         Spirit   .   (no helmet)
rElec    .         Reflect  .   v - +0 cloak
rCorr    .         Harm     .   (no gloves)
MR       +....                  (no boots)
Stlth    ..........             u - amulet of rage
HPRegen  0.23/turn              y - ring of protection from fire
MPRegen  0.15/turn              (no ring)

@: no status effects
A: high mp 1
a: Evoke Berserk Rage


You were on level 9 of the Dungeon.
You were not hungry.

You visited 1 branch of the dungeon, and saw 9 of its levels.
You also visited: Sewer.

You collected 590 gold pieces.

Inventory:

Hand Weapons
 a - a +0 war axe (weapon)
 j - a +2 whip of electrocution
Missiles
 k - 7 javelins (quivered)
Armour
 s - a +0 plate armour (worn)
 v - a +0 cloak (worn)
Jewellery
 m - a +3 amulet of reflection {unknown}
 u - an amulet of rage (around neck)
 x - an uncursed ring of see invisible {unknown}
 y - a ring of protection from fire (left hand)
 D - an uncursed amulet of the gourmand {unknown}
Wands
 r - a wand of polymorph (29)
 w - a wand of flame (30)
 E - a wand of iceblast (10)
 F - a wand of enslavement (8)
Scrolls
 c - 2 scrolls of magic mapping
 d - 2 scrolls of fog
 e - 3 scrolls of enchant armour
 g - 6 scrolls of blinking
 h - 3 scrolls of teleportation
 i - 3 scrolls of remove curse
 l - 2 scrolls of fear
 n - 2 scrolls of noise {unknown}
 o - 2 scrolls of random uselessness {unknown}
 q - a scroll of enchant weapon {unknown}
Potions
 p - 2 potions of brilliance
 A - 3 potions of haste
 B - a potion of agility
Comestibles
 f - 21 rations


   Skills:
 + Level 5.7 Fighting
 * Level 11.6 Axes
 + Level 5.4 Armour
 + Level 4.6 Dodging
   Level 2.6 Shields
 + Level 3.8 Evocations


You had 9 spell levels left.
You didn't know any spells.
Your spell library contained the following spells:

 Spells                   Type           Power        Failure   Level  Hunger
 Magic Dart               Conj           #...         100%        1    ##.....
 Blink                    Tloc           N/A          100%        2    ###....
 Call Imp                 Summ           #.......     100%        2    ###....
 Slow                     Hex            #.......     100%        2    ###....
 Conjure Flame            Conj/Fire      #.......     100%        3    ####...
 Mephitic Cloud           Conj/Pois/Air  #.......     100%        3    ####...


Dungeon Overview and Level Annotations

Branches:
Dungeon (9/15)             Temple (0/1) D:7
   Lair: D:8-11         Orc: D:9-12

Shops:
D:4 (   D:6 !

Annotations:
D:2 1 runed translucent door, Crazy Yiuf
D:6 3 runed translucent doors, 0gre's ghost, novice OgBe


Innate Abilities, Weirdness & Mutations

You have an increased reservoir of magic. (+10% MP)


Message History

The yak gores you.
* * * LOW HITPOINT WARNING * * *
You hit the yak.
The yak is moderately wounded.
You slash the yak!
The worker ant bites the plant but does no damage.
The yak barely misses you. The yak gores you but does no damage.
You slash the yak!
The yak is heavily wounded.
You completely miss the yak. The yak gores you but does no damage.
Your plate armour prevents you from hitting the yak.
The yak is heavily wounded.
You hit the yak. The yak closely misses you. The yak gores you.
* * * LOW HITPOINT WARNING * * *
You hit the yak but do no damage.
The yak is heavily wounded.
You hit the yak but do no damage. The yak gores you!
* * * LOW HITPOINT WARNING * * *
The yak gores you!
You die...

### #############
#.###...........##
#.....####.####..####
#.##### #..@Y.......
#.# ####Y...###
#.##### #P≈≈..#
#.....# ≈;≈....#
#####.#####
≈≈≈≈≈≈≈..) ......#
##≈≈≈≈≈≈≈.. #####.#
##≈P≈P≈≈P≈ #.#
..≈≈≈≈≈≈P #.#
...P≈≈≈Y≈


You could see 2 yaks and an electric eel.

Vanquished Creatures
  A two-headed ogre (D:8)
  Pikel (D:5)
  Psyche (D:8)
  Grinder (D:6)
  A hippogriff (D:9)
  Sigmund (D:2)
  4 yaks (D:9)
  A soldier ant (D:9)
  2 water moccasins
  2 phantoms
  Purgy (Sewer)
  4 orc warriors
  A sky beast (D:8)
  A slave (D:5)
  A black bear (D:7)
  3 ogres
  4 centaurs
  Blork the orc (D:5)
  4 bullfrogs
  2 crimson imps
  7 howler monkeys
  A quasit (D:8)
  A centaur zombie (D:7)
  14 orc wizards
  9 jellies
  6 orc priests
  A bullfrog skeleton (D:5)
  A centaur skeleton (D:8)
  Ijyb (D:3)
  Natasha (twice) (D:2)
  3 worker ants
  A killer bee zombie (D:6)
  A hound zombie (D:8)
  A worker ant zombie (D:8)
  Robin (D:2)
  A howler monkey zombie (D:5)
  7 adders
  4 gnolls (D:8)
  A river rat (D:6)
  3 shadow imps
  An ooze (D:2)
  An adder skeleton (D:5)
  4 worms
  3 dart slugs
  A leopard gecko (D:8)
  38 orcs
  6 bats
  8 giant cockroaches
  21 goblins
  5 hobgoblins
  4 iguanas
  11 jackals
  5 quokkas
  4 ball pythons
  9 frilled lizards
  A jackal skeleton (D:4)
  16 kobolds
  A quokka skeleton (D:4)
  5 rats
247 creatures vanquished.

Vanquished Creatures (others)
  A howler monkey (D:9)
  An orc wizard (D:5)
  A goblin (D:5)
  A hobgoblin (D:5)
  A plant (D:9)
5 creatures vanquished.

Grand Total: 252 creatures vanquished

Notes
Turn   | Place    | Note
-------+----------+-------------------------------------------
     0 | D:1      | BoppinsLewinski the Demigod Fighter began the quest for the
                  | Orb.
     0 | D:1      | Reached XP level 1. HP: 18/18 MP: 3/3
   193 | D:1      | Reached skill level 2 in Axes
   572 | D:1      | Reached XP level 2. HP: 23/25 MP: 4/4
   793 | D:2      | Found a runed translucent door.
   794 | D:2      | Noticed Crazy Yiuf
   929 | D:2      | Noticed Natasha
   938 | D:2      | Killed Natasha
   938 | D:2      | Reached skill level 3 in Axes
   938 | D:2      | Reached XP level 3. HP: 10/31 MP: 5/5
  1300 | D:2      | Found a shattered altar of Ashenzari.
  1372 | D:2      | You fall through a shaft for 2 floors!
  1375 | D:4      | Found Fegruon's Antique Weapon Boutique.
  1534 | D:2      | Noticed Sigmund
  1535 | D:2      | Noticed Natasha
  1548 | D:2      | Killed Natasha
  1548 | D:2      | Reached skill level 4 in Axes
  1548 | D:2      | Reached XP level 4. HP: 38/38 MP: 6/6
  1572 | D:2      | Noticed Robin
  1575 | D:2      | Killed Sigmund
  1575 | D:2      | Reached skill level 5 in Axes
  1575 | D:2      | Reached XP level 5. HP: 35/45 MP: 7/7
  1595 | D:2      | Killed Robin
  2362 | D:3      | Reached XP level 6. HP: 51/51 MP: 8/8
  2465 | D:3      | Reached skill level 6 in Axes
  2755 | D:3      | Found a faded altar of an unknown god.
  2891 | D:3      | Noticed Ijyb
  2903 | D:3      | Killed Ijyb
  3397 | D:4      | Reached skill level 7 in Axes
  4176 | D:4      | Reached XP level 7. HP: 52/57 MP: 9/9
  4179 | D:4      | Found a shimmering altar of Xom.
  4561 | D:5      | Entered Level 5 of the Dungeon
  4570 | D:5      | Noticed Blork the orc
  4581 | D:5      | Killed Blork the orc
  4790 | D:5      | Reached skill level 8 in Axes
  5301 | D:5      | Found a glowing golden altar of the Shining One.
  5371 | D:5      | Noticed Pikel
  5401 | D:5      | Killed Pikel
  5401 | D:5      | Reached skill level 9 in Axes
  5401 | D:5      | Reached XP level 8. HP: 23/63 MP: 10/10
  6163 | D:6      | Found a glowing drain.
  6167 | D:6      | Reached skill level 10 in Axes
  6178 | Sewer    | Entered a sewer
  6300 | Sewer    | Noticed Purgy
  6309 | Sewer    | Killed Purgy
  6438 | D:6      | Reached skill level 1 in Dodging
  6490 | D:6      | Noticed Grinder
  6531 | D:6      | Killed Grinder
  7038 | D:6      | Noticed 0gre's ghost (novice OgBe)
  7050 | D:6      | Found a runed translucent gate.
  7050 | D:6      | Found a runed translucent gate.
  7050 | D:6      | Found a runed translucent gate.
  7064 | D:6      | Found Etuucke's Distillery.
  7399 | D:7      | Reached XP level 9. HP: 60/71 MP: 10/12
  7874 | D:7      | Reached skill level 1 in Evocations
  7999 | D:7      | Found a staircase to the Ecumenical Temple.
 10088 | D:8      | Noticed Psyche
 10102 | D:8      | Killed Psyche
 10102 | D:8      | Reached skill level 11 in Axes
 10342 | D:8      | Reached skill level 5 in Fighting
 10522 | D:8      | Noticed a two-headed ogre
 10547 | D:8      | Killed a two-headed ogre
 10547 | D:8      | Reached skill level 5 in Armour
 10547 | D:8      | Reached XP level 10. HP: 54/81 MP: 15/15
 10947 | D:9      | HP: 1/81 [hippogriff (7)]
 11481 | D:9      | Found the +7 Spriggan's Knife {stab, EV+4 Stlth+}
 11703 | D:9      | Slain by a yak

Skill      XL: |  1  2  3  4  5  6  7  8  9 |
---------------+----------------------------+-----
Axes           | 2 3 4 5 7 9 10 11 | 11.6
Fighting       | 3 4 5 |  5.7
Armour         | 3 5 |  5.4
Dodging        | 2 4 |  4.6
Evocations     | 3 |  3.8
Shields        | |  2.6

Action                   |  1- 3 |  4- 6 |  7- 9 | 10-12 || total
-------------------------+-------+-------+-------+-------++-------
Melee: War axe           |    99 |   120 |   507 |   141 ||   867
Throw: Javelin           |       |    10 |       |       ||    10
 Abil: Evoke Berserk Rag |       |       |     7 |     1 ||     8
Evoke: Wand              |       |       |     1 |       ||     1
  Use: Potion            |     5 |     1 |     9 |     6 ||    21
       Scroll            |       |     7 |     4 |       ||    11
 Stab: Invisible         |       |       |     1 |       ||     1
  Eat: Chunk             |     2 |     5 |    19 |     6 ||    32
       Ration            |       |     1 |     2 |       ||     3
Armor: Scale mail        |    64 |    59 |    45 |       ||   168
       Skin              |     6 |     7 |       |       ||    13
       Chain mail        |       |       |   156 |       ||   156
       Plate armour      |       |       |    41 |    58 ||    99
Dodge: Dodged            |    64 |    78 |   223 |    48 ||   413
